 Dungeon Crawl Stone Soup version 0.29.0-4-gdea44cf6ec (webtiles) character file.

Game seed: 1769947373174967185

1628 qw the Cleaver (level 8, -3/71 HPs)
             Began as a Minotaur Berserker on Sept 9, 2022.
             Was an Elder of Trog.
             Killed from afar by an electric eel (6 damage)
             ... with a bolt of electricity
             ... on level 6 of the Dungeon.
             The game lasted 00:01:49 (6172 turns).

qw the Cleaver (Minotaur Berserker)                 Turns: 6172, Time: 00:01:50

Health: -3/71      AC: 13    Str: 25    XL:     8   Next: 65%
Magic:  7/7        EV:  7    Int: 10    God:    Trog [****..]
Gold:   303        SH:  0    Dex:  9    Spells: 7/7 levels left

rFire   . . .      SeeInvis .   d - +0 war axe
rCold   . . .      Faith    .   (no shield)
rNeg    . . .      Spirit   .   j - +0 plate armour
rPois   .          Reflect  .   (helmet restricted)
rElec   .          Harm     .   f - +0 cloak
rCorr   .          Rampage  .   (no gloves)
Will    .....                   (no boots)
Stlth   ..........              (no amulet)
HPRegen 0.21/turn               a - +6 ring of intelligence
MPRegen 0.10/turn               (no ring)

@: no status effects
A: horns 2, retaliatory headbutt
a: Renounce Religion, Berserk, Trog's Hand, Brothers in Arms


You were on level 6 of the Dungeon.
You worshipped Trog.
Trog was greatly pleased with you.
You visited 1 branch of the dungeon, and saw 6 of its levels.

You collected 303 gold pieces.


Innate Abilities, Weirdness & Mutations

You have a pair of horns on your head.
You reflexively headbutt those who attack you in melee.


   Skills:
 - Level 6.4 Fighting
 + Level 11.1 Axes
 - Level 2.4 Throwing
 - Level 5.2 Armour
 - Level 2.1 Dodging


You had 7 spell levels left.
You didn't know any spells.
Your spell library was empty.

Inventory:

Hand Weapons
 d - a +0 war axe (weapon)
 k - a +2 flail of protection
Missiles
 i - a boomerang (quivered)
 l - 3 javelins
Armour
 f - a +0 cloak (worn)
 j - a +0 plate armour (worn)
Jewellery
 a - a +6 ring of intelligence (left hand)
Scrolls
 c - a scroll of vulnerability {unknown}
 e - 2 scrolls of teleportation
 g - a scroll of identify
Potions
 b - a potion of lignification {unknown}
 h - a potion of curing

Dungeon Overview and Level Annotations

Branches:
Dungeon (6/15)
 Temple: D:4-7

Altars:
Yredelemnul


Message History

Found a rapier.
You see here a +0 rapier.
You now have 303 gold pieces (gained 11).
Found a helmet.
Enter note: You see here a +0 helmet.
An electric eel comes into view.
Enter note:
Enter note: The electric eel shoots out a bolt of lightning at you!
The bolt of electricity hits you!
6115 ||| FLEEEEING.
The electric eel shoots out a bolt of lightning at you!
The bolt of electricity hits you!
6116 ||| FLEEEEING.
You start resting.
The electric eel shoots out a bolt of lightning at you!
The bolt of electricity hits you!
6161 ||| FLEEEEING.
The electric eel shoots out a bolt of lightning at you!
The bolt of electricity hits you!
6167 ||| FLEEEEING.
The electric eel shoots out a bolt of lightning at you!
The bolt of electricity hits you.
6168 ||| FLEEEEING.
6169 ||| FLEEEEING.
6170 ||| FLEEEEING.
The electric eel shoots out a bolt of lightning at you!
The bolt of electricity hits you!
The electric eel shoots out a bolt of lightning at you!
The bolt of electricity hits you.
6171 ||| FLEEEEING.
The electric eel shoots out a bolt of lightning at you!
The bolt of electricity hits you!
The electric eel shoots out a bolt of lightning at you!
The bolt of electricity hits you!
6172 ||| FLEEEEING.
The electric eel shoots out a bolt of lightning at you!
The bolt of electricity hits you.
You die...

#.# #.# ?####.# #.#
......# ####.# ...##.#
#....##### ......#
###.##.....### .......
..............# ~~~~.S~~
~.~~~~~.~~~~~.#
###~.~###~.~###~.~###~.#
#~.~# #~.~ #~@~# #~.#
#~.~# #~.~###~.~###~[#
~~.~~ ~S.~~~~~.~~~~~.#
...............#
~~.~~S~~.~~~~~.#
#~.~###~.~###~.# #~.~
#~.~# #~.#
#~.~###~.~###~.#
~~.~~~~~.~~~~~.#


You could see an electric eel.

Vanquished Creatures
  Eustachio (D:5)
  A water moccasin (D:5)
  Duvessa (D:5)
  2 orc warriors
  An ice beast (D:5)
  2 phantoms
  3 scorpions
  A bullfrog (D:5)
  Dowan (D:5)
  3 hounds
  2 orc priests
  Jessica (D:3)
  3 iguanas
  5 orc wizards
  6 adders
  A white imp (D:5)
  4 worms
  3 dart slugs
  15 orcs
  9 ball pythons
  4 endoplasms
  4 giant cockroaches
  7 goblins
  12 hobgoblins
  10 jackals
  3 quokkas
  3 bats
  4 frilled lizards
  9 kobolds
  4 rats
125 creatures vanquished.

Vanquished Creatures (others)
  A withered plant (D:3)
1 creature vanquished.

Grand Total: 126 creatures vanquished

Notes
Turn   | Place    | Note
-------+----------+-------------------------------------------
     0 | D:1      | qw the Minotaur Berserker began the quest for the Orb.
     0 | D:1      | Reached XP level 1. HP: 19/19 MP: 0/0
     0 | D:1      | 0 ||| qw: Version: 0.1-a-113-g051387a
     0 | D:1      | 0 ||| qw: Game counter: 7326
     0 | D:1      | 0 ||| qw: Always use a shield: true
     0 | D:1      | 0 ||| qw: Do Orc after D:15 true
     0 | D:1      | 0 ||| qw: Do second Lair branch before Depths: true
     0 | D:1      | 0 ||| qw: Lair rune preference: random
     0 | D:1      | 0 ||| qw: Plans: Normal
     0 | D:1      | 0 ||| PLANNING D:1-11
    15 | D:1      | 15 ||| Stepping ~*~*~tactically~*~*~ (hiding).
   124 | D:1      | 124 ||| Stepping ~*~*~tactically~*~*~ (stealth).
   126 | D:1      | 126 ||| Stepping ~*~*~tactically~*~*~ (stealth).
   133 | D:1      | Reached skill level 4 in Axes
   235 | D:1      | 235 ||| Stepping ~*~*~tactically~*~*~ (stealth).
   237 | D:1      | 237 ||| Stepping ~*~*~tactically~*~*~ (stealth).
   239 | D:1      | 239 ||| Stepping ~*~*~tactically~*~*~ (stealth).
   250 | D:1      | Reached XP level 2. HP: 17/26 MP: 1/1
   372 | D:1      | Found a faded altar of an unknown god.
   597 | D:1      | 597 ||| Stepping ~*~*~tactically~*~*~ (stealth).
   728 | D:1      | Reached ** piety under Trog
   820 | D:1      | Reached skill level 5 in Axes
  1171 | D:1      | 1171 ||| UPGRADING to +0 ring mail.
  1181 | D:1      | 1181 ||| DROPPING +0 animal skin.
  1182 | D:1      | 1182 ||| READING scroll labelled NOEFYKHLIUMM.
  1183 | D:1      | 1183 ||| READING 2 scrolls labelled SIAROSS NU PUXTIL.
  1186 | D:1      | 1186 ||| READING scroll labelled NIUNTO NOMOICO.
  1187 | D:1      | 1187 ||| READING 3 scrolls labelled SACIRA ZOEDGH.
  1188 | D:1      | 1188 ||| READING scroll labelled LETAEPT ESHRANN.
  1289 | D:1      | 1289 ||| READING scroll labelled HAMMOO NOARA.
  1405 | D:2      | Reached XP level 3. HP: 28/31 MP: 2/2
  1526 | D:2      | 1526 ||| Stepping ~*~*~tactically~*~*~ (stealth).
  1766 | D:2      | 1766 ||| Stepping ~*~*~tactically~*~*~ (stealth).
  1767 | D:2      | 1767 ||| Stepping ~*~*~tactically~*~*~ (stealth).
  1821 | D:2      | 1821 ||| FLEEEEING.
  1823 | D:2      | 1823 ||| FLEEEEING.
  1824 | D:2      | 1824 ||| FLEEEEING.
  1825 | D:2      | 1825 ||| FLEEEEING.
  1826 | D:2      | 1826 ||| STAIRDANCE
  1863 | D:1      | 1863 ||| UPGRADING to +0 cloak.
  1868 | D:1      | 1868 ||| READING scroll labelled REC NESIDADUXT.
  1869 | D:1      | 1869 ||| DRINKING 2 murky clear potions.
  1974 | D:1      | 1974 ||| READING 2 scrolls of identify.
  1974 | D:1      | 1974 ||| IDENTIFYING golden potion
  1975 | D:1      | 1975 ||| DROPPING potion of attraction.
  1976 | D:1      | 1976 ||| DROPPING potion of berserk rage.
  2416 | D:2      | 2416 ||| READING scroll labelled MOSOUF GENTU.
  2492 | D:3      | Reached skill level 6 in Axes
  2492 | D:3      | Reached XP level 4. HP: 37/39 MP: 3/3
  2575 | D:3      | 2575 ||| Stepping ~*~*~tactically~*~*~ (stealth).
  2577 | D:3      | 2577 ||| Stepping ~*~*~tactically~*~*~ (stealth).
  2880 | D:3      | Noticed Jessica
  2886 | D:3      | Killed Jessica
  3123 | D:3      | 3123 ||| Stepping ~*~*~tactically~*~*~ (stealth).
  3125 | D:3      | 3125 ||| Stepping ~*~*~tactically~*~*~ (hiding).
  3129 | D:3      | Reached XP level 5. HP: 45/45 MP: 4/4
  3131 | D:3      | Reached skill level 7 in Axes
  3131 | D:3      | 3131 ||| INVOKING Berserk.
  3243 | D:3      | Found a basalt altar of Yredelemnul.
  3244 | D:3      | 3244 ||| DROPPING +0 club.
  3417 | D:3      | 3417 ||| READING scroll labelled CEPPEA RUTAA.
  3418 | D:3      | 3418 ||| READING 2 scrolls of identify.
  3418 | D:3      | 3418 ||| IDENTIFYING orange potion
  3419 | D:3      | 3419 ||| DROPPING potion of degeneration.
  3590 | D:4      | Noticed a phantom
  3605 | D:4      | Killed a phantom
  3752 | D:4      | Noticed an orc warrior
  3753 | D:4      | 3753 ||| INVOKING Berserk.
  3760 | D:4      | Reached XP level 6. HP: 52/52 MP: 5/5
  3762 | D:4      | Reached skill level 8 in Axes
  3764 | D:4      | Killed an orc warrior
  3780 | D:4      | 3780 ||| Stepping ~*~*~tactically~*~*~ (stealth).
  3782 | D:4      | 3782 ||| Stepping ~*~*~tactically~*~*~ (stealth).
  3783 | D:4      | 3783 ||| Stepping ~*~*~tactically~*~*~ (stealth).
  3798 | D:4      | 3798 ||| Stepping ~*~*~tactically~*~*~ (stealth).
  3799 | D:4      | 3799 ||| Stepping ~*~*~tactically~*~*~ (stealth).
  3805 | D:4      | 3805 ||| Stepping ~*~*~tactically~*~*~ (stealth).
  3808 | D:4      | 3808 ||| Stepping ~*~*~tactically~*~*~ (stealth).
  3819 | D:4      | Reached *** piety under Trog
  3938 | D:4      | Reached skill level 9 in Axes
  4036 | D:4      | 4036 ||| Stepping ~*~*~tactically~*~*~ (hiding).
  4040 | D:4      | 4040 ||| INVOKING Berserk.
  4453 | D:4      | 4453 ||| UPGRADING to +0 chain mail.
  4463 | D:4      | 4463 ||| DROPPING +0 ring mail.
  4464 | D:4      | 4464 ||| UPGRADING to +0 plate armour.
  4474 | D:4      | 4474 ||| DROPPING +0 chain mail.
  4475 | D:4      | 4475 ||| READING scroll labelled QOSETI JAIKOSE.
  4476 | D:4      | 4476 ||| READING 2 scrolls of identify.
  4476 | D:4      | 4476 ||| IDENTIFYING pink potion
  4497 | D:5      | Entered Level 5 of the Dungeon
  4497 | D:5      | Noticed a water moccasin
  4510 | D:5      | Killed a water moccasin
  4511 | D:5      | Reached XP level 7. HP: 39/60 MP: 6/6
  4511 | D:5      | 4511 ||| STAIRDANCE
  4750 | D:5      | Reached skill level 3 in Armour
  4788 | D:5      | 4788 ||| Stepping ~*~*~tactically~*~*~ (stealth).
  4831 | D:5      | Noticed Duvessa
  4831 | D:5      | Noticed Dowan
  4834 | D:5      | 4834 ||| INVOKING Berserk.
  4839 | D:5      | Killed Duvessa
  4844 | D:5      | Killed Dowan
  4994 | D:5      | 4994 ||| Stepping ~*~*~tactically~*~*~ (stealth).
  5206 | D:5      | 5206 ||| Stepping ~*~*~tactically~*~*~ (hiding).
  5210 | D:5      | 5210 ||| INVOKING Berserk.
  5212 | D:5      | Reached XP level 8. HP: 69/69 MP: 7/7
  5335 | D:5      | Reached skill level 10 in Axes
  5347 | D:5      | 5347 ||| DROPPING +0 flail.
  5372 | D:5      | Noticed Eustachio
  5374 | D:5      | 5374 ||| INVOKING Berserk.
  5377 | D:5      | Killed Eustachio
  5378 | D:5      | Reached skill level 6 in Fighting
  5397 | D:5      | 5397 ||| DRINKING 2 potions of curing.
  5397 | D:5      | 5397 ||| (to cure confusion)
  5579 | D:5      | 5579 ||| UPGRADING to +6 ring of intelligence.
  5621 | D:6      | 5621 ||| Stepping ~*~*~tactically~*~*~ (hiding).
  5625 | D:6      | Reached **** piety under Trog
  5626 | D:6      | 5626 ||| Stepping ~*~*~tactically~*~*~ (hiding).
  5629 | D:6      | 5629 ||| STAIRDANCE
  5650 | D:6      | 5650 ||| STAIRDANCE
  5652 | D:5      | 5652 ||| INVOKING Berserk.
  5732 | D:5      | 5732 ||| SWAPPING to +0 war axe.
  5733 | D:5      | 5733 ||| DROPPING +1 hand axe.
  5737 | D:6      | 5737 ||| STAIRDANCE
  5775 | D:5      | Reached skill level 11 in Axes
  5962 | D:6      | 5962 ||| FLEEEEING.
  5963 | D:6      | 5963 ||| FLEEEEING.
  5964 | D:6      | 5964 ||| FLEEEEING.
  5965 | D:6      | 5965 ||| FLEEEEING.
  5966 | D:6      | 5966 ||| FLEEEEING.
  6115 | D:6      | 6115 ||| FLEEEEING.
  6116 | D:6      | 6116 ||| FLEEEEING.
  6161 | D:6      | 6161 ||| FLEEEEING.
  6167 | D:6      | 6167 ||| FLEEEEING.
  6168 | D:6      | 6168 ||| FLEEEEING.
  6169 | D:6      | 6169 ||| FLEEEEING.
  6170 | D:6      | 6170 ||| FLEEEEING.
  6171 | D:6      | 6171 ||| FLEEEEING.
  6171 | D:6      | HP: 13/71 [electric eel/bolt of electricity (10)]
  6171 | D:6      | HP: 3/71 [electric eel/bolt of electricity (10)]
  6172 | D:6      | 6172 ||| FLEEEEING.
  6172 | D:6      | Killed from afar by an electric eel

Levels and vault maps discovered:
D:1:      mrwooster_arrival_statue_2, layout_basic,
          hellmonk_ecumenical_altar_dog_temple
D:2:      layout_loops_ring, grunt_ministairs_8,
          minmay_fractal_squares_gapless_5
D:3:      layout_loops_ring, yredelemnul_altar_generic, uniq_jessica
D:4:      cheibrodos_barr_body, layout_loops_ring
D:5:      layout_basic, hangedman_decor_points, nicolae_wormholes,
          uniq_eustachio, uniq_duvessa
D:6:      layout_basic, minmay_temple_entry_proselytizer, hex_medium,
          kennysheep_boxes

Skill      XL: |  1  2  3  4  5  6  7  8 |
---------------+-------------------------+-----
Axes           | 4 5 6 7 9 11 | 11.1
Fighting       | 4 5 6 |  6.4
Throwing       | 2 |  2.4
Armour         | 4 5 |  5.2
Dodging        | |  2.1

Action                   |  1- 3 |  4- 6 |  7- 9 || total
-------------------------+-------+-------+-------++-------
Melee: Hand axe          |   108 |   117 |    80 ||   305
       Headbutt          |    10 |    10 |    17 ||    37
       Punch             |       |     1 |       ||     1
       War axe           |       |       |     5 ||     5
Throw: Javelin           |       |     9 |    20 ||    29
       Boomerang         |       |       |     7 ||     7
Invok: Berserk           |       |     3 |     4 ||     7
  Use: Scroll            |     9 |     4 |       ||    13
       Potion            |     1 |       |     1 ||     2
Armor: Animal skin       |     6 |       |       ||     6
       Ring mail         |    27 |    19 |       ||    46
       Plate armour      |       |     6 |    29 ||    35
Dodge: Dodged            |    49 |    45 |    15 ||   109

Table legend:
 A = Non-vault XP
 B = Vault XP
 C = Vault XP percentage of total XP
 D = Non-vault monster count
 E = Vault monster count
 F = Vault count percentage of total count
                 A         B        C        D         E       F
            +---------+---------+-------+---------+---------+-------
      Total |    1587 |     740 |  31.8 |     100 |      25 |  20.0
            +---------+---------+-------+---------+---------+-------
        D:1 |      32 |       4 |  11.1 |      20 |       2 |   9.1
        D:2 |      48 |       4 |   7.7 |      21 |       2 |   8.7
        D:3 |     117 |      37 |  24.0 |      19 |       1 |   5.0
        D:4 |     176 |     273 |  60.8 |      15 |      14 |  48.3
        D:5 |     971 |     422 |  30.3 |      21 |       6 |  22.2
        D:6 |     243 |       0 |   0.0 |       4 |       0 |   0.0
            +---------+---------+-------+---------+---------+-------
